[Event "GER-ch Youth U16w 2019"]
[Site "Willingen"]
[Date "2019.06.12"]
[Round "5.3"]
[White "Wagner, Victoria"]
[Black "Glinzner, Alva"]
[Result "0-1"]
[ECO "B42"]
[WhiteElo "1808"]
[BlackElo "1833"]
[Annotator "NA"]
[PlyCount "80"]
[EventDate "2019.06.07"]
[EventType "swiss"]
[EventRounds "9"]
[EventCountry "GER"]
[SourceTitle "playchess.com"]
[Source "ChessBase"]
[SourceQuality "1"]
[TimeControl "40/5400+30:1800+30"]

1. e4 c5 2. Nf3 e6 3. d4 cxd4 4. Nxd4 a6 5. Bd3 Qc7 6. Qe2 d6 7. O-O Nf6 8. c4 Nbd7 9. b3 b6 10. Bb2 Bb7 11. Nd2 Nc5 12. Bc2 e5 13. Nf5 Ne6 14. Ne3 Be7 15. Nd5 Nxd5 16. exd5 Nf4 17. Qd1 O-O 18. g3 Ng6 19. h4 f5 20. h5 Nh8 21. f4 e4 22. Rc1 Bf6 23. Bxf6 Rxf6 24. Kg2 Re8 25. Qe2 g6 26. hxg6 Rxg6 27. Rh1 Qg7 28. Qe3 Qc7 29. Rh5 Bc8 30. Rch1 Rg7 31. Kf2 Ng6 32. Nf3 Ree7 33. Ng5 b5 34. Rc1 Qa5 35. Bb1 bxc4 36. bxc4 Rb7 37. Qe2 Qa3 38. Rhh1 h6 39. Ne6 Bxe6 40. dxe6 {[%emt 0:00:05] normal} Nxf4 {[%emt 0:02:07] normal} 0-1

[Event "GER-ch Youth U16w 2019"]
[Site "Willingen"]
[Date "2019.06.12"]
[Round "5.4"]
[White "Basovskiy, Jana"]
[Black "Sokolowski, Judith"]
[Result "1-0"]
[ECO "B40"]
[WhiteElo "1761"]
[BlackElo "1749"]
[Annotator "NA"]
[PlyCount "78"]
[EventDate "2019.06.07"]
[EventType "swiss"]
[EventRounds "9"]
[EventCountry "GER"]
[SourceTitle "playchess.com"]
[Source "ChessBase"]
[SourceQuality "1"]
[TimeControl "40/5400+30:1800+30"]

1. e4 c5 2. Nf3 e6 3. d4 cxd4 4. Nxd4 Nf6 5. Nc3 Nc6 6. Ndb5 Bb4 7. a3 Bxc3+ 8. Nxc3 d5 9. exd5 Nxd5 10. Nxd5 exd5 11. Bd3 Qe7+ 12. Qe2 Qxe2+ 13. Kxe2 Ne5 14. Bb5+ Bd7 15. Bxd7+ Kxd7 16. Bf4 Rhe8 17. Bxe5 Rxe5+ 18. Kd2 Rae8 19. Rae1 Kc6 20. Rxe5 Rxe5 21. Re1 Rxe1 22. Kxe1 Kc5 23. Kd2 a5 24. b3 b5 25. Kd3 f5 26. c3 g6 27. h4 Kc6 28. b4 a4 29. Ke3 Kd7 30. Kf4 Ke6 31. Kg5 Kf7 32. Kh6 Kg8 33. f4 Kh8 34. h5 gxh5 35. Kxh5 Kg7 36. Kg5 h5 37. Kxf5 Kh6 38. g3 h4 39. gxh4 Kh5 {[%emt 0:00:20] normal Ke4} 1-0

[Event "GER-ch Youth U16w 2019"]
[Site "Willingen"]
[Date "2019.06.12"]
[Round "5.5"]
[White "Brunner, Sophia"]
[Black "Stowicek, Yara Mathilda"]
[Result "1/2-1/2"]
[ECO "A43"]
[WhiteElo "1839"]
[BlackElo "1692"]
[Annotator "NA"]
[PlyCount "91"]
[EventDate "2019.06.07"]
[EventType "swiss"]
[EventRounds "9"]
[EventCountry "GER"]
[SourceTitle "playchess.com"]
[Source "ChessBase"]
[SourceQuality "1"]
[TimeControl "40/5400+30:1800+30"]

1. d4 Nf6 2. Nf3 c5 3. d5 e6 4. Nc3 b5 5. dxe6 fxe6 6. Nxb5 d5 7. c3 a6 8. Na3 Bd6 9. Bg5 Qb6 10. Qb3 Qa5 11. Bxf6 gxf6 12. Qd1 Bb7 13. Nc4 Qc7 14. Nxd6+ Qxd6 15. e4 Nd7 16. exd5 exd5 17. Qd3 O-O-O 18. O-O-O Ne5 19. Nxe5 fxe5 20. Be2 Kc7 21. h3 h6 22. Qd2 Rhg8 23. Rhg1 Qf6 24. Bf3 Rgf8 25. Rgf1 Rg8 26. Qe2 Qg5+ 27. Qe3 e4 28. Bg4 h5 29. Be6 Qxe3+ 30. fxe3 Rxg2 31. Rf5 Re2 32. Bxd5 Bxd5 33. Rdxd5 Rg8 34. Rg5 Rf8 35. Rdf5 Rd8 36. Rxc5+ Kb6 37. Rcd5 Rf8 38. Rgf5 Rg8 39. Rd2 Rxe3 40. Rxh5 Rg6 41. Rhd5 Kc6 42. R5d4 Re1+ 43. Rd1 Re2 44. h4 e3 45. Re4 Rgg2 46. Re6+ {[%emt 0:02:57] normal} 1/2-1/2

[Event "GER-ch Youth U16w 2019"]
[Site "Willingen"]
[Date "2019.06.12"]
[Round "5.6"]
[White "Khamenya, Vitalia"]
[Black "Berelowitsch, Dana"]
[Result "1/2-1/2"]
[ECO "B39"]
[WhiteElo "1877"]
[BlackElo "1753"]
[Annotator "NA"]
[PlyCount "58"]
[EventDate "2019.06.07"]
[EventType "swiss"]
[EventRounds "9"]
[EventCountry "GER"]
[SourceTitle "playchess.com"]
[Source "ChessBase"]
[SourceQuality "1"]
[TimeControl "40/5400+30:1800+30"]

1. e4 c5 2. Nf3 g6 3. d4 cxd4 4. Nxd4 Bg7 5. c4 Nc6 6. Be3 Nf6 7. Nc3 Ng4 8. Qxg4 Nxd4 9. Qd1 e5 10. Bd3 O-O 11. O-O d6 12. Ne2 Be6 13. Rc1 Rc8 14. b3 a6 15. Bb1 b5 16. Bxd4 exd4 17. Nxd4 Qb6 18. Nxe6 fxe6 19. cxb5 Rxc1 20. Qxc1 axb5 21. Qd2 Bd4 22. Bd3 e5 23. Qe2 b4 24. g3 Kg7 25. Kg2 Qa7 26. Bc4 Ra8 27. Qg4 Rf8 28. Qe2 Ra8 29. Qg4 Rf8 {[%emt 0:00:11] normal} 1/2-1/2

[Event "GER-ch Youth U16w 2019"]
[Site "Willingen"]
[Date "2019.06.12"]
[Round "5.7"]
[White "Rudolph, Eva"]
[Black "Peschel, Julia"]
[Result "1-0"]
[ECO "C44"]
[WhiteElo "1786"]
[BlackElo "1275"]
[Annotator "NA"]
[PlyCount "39"]
[EventDate "2019.06.07"]
[EventType "swiss"]
[EventRounds "9"]
[EventCountry "GER"]
[SourceTitle "playchess.com"]
[Source "ChessBase"]
[SourceQuality "1"]
[TimeControl "40/5400+30:1800+30"]

1. e4 e5 2. Nf3 Nc6 3. d4 exd4 4. Bc4 Bc5 5. Ng5 d5 6. Bxd5 Nh6 7. Nxf7 Bb4+ 8. c3 Nxf7 9. cxb4 Qf6 10. a3 O-O 11. O-O Kh8 12. f4 Rd8 13. Nd2 a6 14. e5 Qe7 15. Be4 Nh6 16. Nf3 Bf5 17. Qd3 Bxe4 18. Qxe4 Qf8 19. Ng5 Re8 20. Qxh7# {[%emt 0:00:15] normal} 1-0

[Event "GER-ch Youth U16w 2019"]
[Site "Willingen"]
[Date "2019.06.12"]
[Round "5.8"]
[White "Bui, Ngoc Han Julia"]
[Black "Sinnhoefer, Lilian"]
[Result "1-0"]
[ECO "C54"]
[WhiteElo "1973"]
[BlackElo "1396"]
[Annotator "NA"]
[PlyCount "67"]
[EventDate "2019.06.07"]
[EventType "swiss"]
[EventRounds "9"]
[EventCountry "GER"]
[SourceTitle "playchess.com"]
[Source "ChessBase"]
[SourceQuality "1"]
[TimeControl "40/5400+30:1800+30"]

1. e4 e5 2. Nf3 Nc6 3. Bc4 Bc5 4. c3 Nf6 5. d3 h6 6. O-O d6 7. Nbd2 O-O 8. Re1 a6 9. Bb3 Bg4 10. Nf1 Qd7 11. Be3 Bxe3 12. Nxe3 Be6 13. Bc2 Rad8 14. d4 exd4 15. Nxd4 Nxd4 16. cxd4 d5 17. e5 Ng4 18. Nf1 h5 19. h3 Nh6 20. Qxh5 Bf5 21. Bxf5 Nxf5 22. Qg4 g6 23. Ng3 Nxg3 24. Qxg3 Rde8 25. Rac1 c6 26. Re3 Qf5 27. Rce1 Re6 28. f4 Qc2 29. R1e2 Qb1+ 30. Kh2 Kh7 31. a3 Qf5 32. Qf2 Rfe8 33. Re1 Kg7 34. g4 {[%emt 0:01:45] normal} 1-0

[Event "GER-ch Youth U16w 2019"]
[Site "Willingen"]
[Date "2019.06.12"]
[Round "5.9"]
[White "Klemke, Kassandra"]
[Black "Zell, Hannah"]
[Result "1-0"]
[ECO "C42"]
[WhiteElo "1662"]
[BlackElo "1473"]
[Annotator "NA"]
[PlyCount "75"]
[EventDate "2019.06.07"]
[EventType "swiss"]
[EventRounds "9"]
[EventCountry "GER"]
[SourceTitle "playchess.com"]
[Source "ChessBase"]
[SourceQuality "1"]
[TimeControl "40/5400+30:1800+30"]

1. e4 e5 2. Nf3 Nf6 3. Nc3 Bb4 4. d3 Bxc3+ 5. bxc3 Nc6 6. Bg5 d6 7. Be2 h6 8. Bh4 g5 9. Bg3 b6 10. h3 Bb7 11. Nh2 Qe7 12. Ng4 O-O-O 13. Ne3 Qf8 14. a4 a5 15. Rb1 Ne7 16. Nc4 Nd7 17. Qc1 Nc5 18. Qa3 Bc6 19. Nb2 f5 20. f3 Qe8 21. d4 exd4 22. cxd4 Nd7 23. Ba6+ Bb7 24. Bxb7+ Kxb7 25. Nc4 Ka7 26. Qc3 Nc6 27. Na3 Kb7 28. d5 Na7 29. Nc4 fxe4 30. O-O Ka8 31. Rfe1 Nc5 32. Ra1 Rb8 33. fxe4 Nxa4 34. Qg7 Rb7 35. Rxa4 b5 36. Rxa5 bxc4 37. Rea1 Kb8 {[%emt 0:00:51] normal} 38. Qd4 {[%emt 0:01:56] normal} 1-0

[Event "GER-ch Youth U16w 2019"]
[Site "Willingen"]
[Date "2019.06.12"]
[Round "5.10"]
[White "Ziegenfuss, Larissa"]
[Black "Schneider, Katharina"]
[Result "1-0"]
[ECO "C88"]
[WhiteElo "1771"]
[BlackElo "1784"]
[Annotator "NA"]
[PlyCount "55"]
[EventDate "2019.06.07"]
[EventType "swiss"]
[EventRounds "9"]
[EventCountry "GER"]
[SourceTitle "playchess.com"]
[Source "ChessBase"]
[SourceQuality "1"]
[TimeControl "40/5400+30:1800+30"]

1. e4 e5 2. Nf3 Nc6 3. Bb5 a6 4. Ba4 Nf6 5. O-O Be7 6. Re1 b5 7. Bb3 O-O 8. a4 Bb7 9. d3 d6 10. Bd2 Na7 11. Na3 c5 12. c4 b4 13. Nc2 Nc6 14. Ne3 a5 15. h3 Nd7 16. Nf5 Nd4 17. N3xd4 cxd4 18. Qg4 g6 19. Bh6 Nf6 20. Nxe7+ Kh8 21. Qh4 Qxe7 22. Bg5 Qe6 23. Bxf6+ Kg8 24. c5 d5 25. exd5 Qa6 26. Bc4 Qa7 27. Qh6 Qxc5 28. Qg7# {normal} 1-0

[Event "GER-ch Youth U16w 2019"]
[Site "Willingen"]
[Date "2019.06.12"]
[Round "5.11"]
[White "Wucherer, Sophie"]
[Black "Meijerink, Inken"]
[Result "1/2-1/2"]
[ECO "D37"]
[WhiteElo "1496"]
[BlackElo "1681"]
[Annotator "NA"]
[PlyCount "90"]
[EventDate "2019.06.07"]
[EventType "swiss"]
[EventRounds "9"]
[EventCountry "GER"]
[SourceTitle "playchess.com"]
[Source "ChessBase"]
[SourceQuality "1"]
[TimeControl "40/5400+30:1800+30"]

1. d4 Nf6 2. Nf3 d5 3. c4 e6 4. Nc3 dxc4 5. e3 a6 6. Bxc4 b5 7. Bd3 Bb7 8. a3 c5 9. O-O Nbd7 10. Qe2 Be7 11. Rd1 Qc7 12. h3 O-O 13. Bd2 c4 14. Bc2 e5 15. dxe5 Nxe5 16. Nd4 Bc5 17. Nf5 Rad8 18. Be1 Rfe8 19. Rxd8 Qxd8 20. Rd1 Qa8 21. e4 Nd3 22. Bxd3 cxd3 23. Qxd3 Nxe4 24. Nxe4 Bxe4 25. Qc3 Bxf2+ 26. Bxf2 Bxf5 27. Bd4 f6 28. Qg3 Bg6 29. Be3 Qe4 30. Bc1 Qe2 31. Qb3+ Kh8 32. Rf1 Bd3 33. Qd1 Qxf1+ 34. Qxf1 Bxf1 35. Kxf1 g5 36. Bd2 Kg7 37. Kf2 Kg6 38. Kf3 Rd8 39. Ke3 f5 40. Bc3 h5 41. g3 Rd1 42. Kf2 f4 43. Be5 fxg3+ 44. Kxg3 Kf5 45. Bc3 Rd3+ {[%emt 0:00:00] normal} 1/2-1/2

[Event "GER-ch Youth U16w 2019"]
[Site "Willingen"]
[Date "2019.06.12"]
[Round "5.12"]
[White "Dietz, Helena"]
[Black "Jacoby, Angelina"]
[Result "1/2-1/2"]
[ECO "A45"]
[WhiteElo "1534"]
[BlackElo "1412"]
[Annotator "NA"]
[PlyCount "56"]
[EventDate "2019.06.07"]
[EventType "swiss"]
[EventRounds "9"]
[EventCountry "GER"]
[SourceTitle "playchess.com"]
[Source "ChessBase"]
[SourceQuality "1"]
[TimeControl "40/5400+30:1800+30"]

1. d4 Nf6 2. Bf4 g6 3. e3 Bg7 4. Nf3 O-O 5. Be2 d6 6. h3 Nfd7 7. O-O e5 8. Bh2 f5 9. c4 Qe7 10. Nc3 c6 11. b4 g5 12. Rc1 h5 13. dxe5 dxe5 14. b5 g4 15. hxg4 hxg4 16. Ne1 Qh4 17. Qd6 Kf7 18. Bg3 Qh6 19. Qxh6 Bxh6 20. Nd3 Bg7 21. Rfd1 e4 22. Nf4 Ne5 23. Rd6 Nbd7 24. Ne6 Ke7 25. Nxf8 Kxd6 26. Ng6 Ke6 27. Nf4+ Ke7 28. Bh4+ Nf6 {[%emt 0:08:25] normal} 1/2-1/2

[Event "GER-ch Youth U16w 2019"]
[Site "Willingen"]
[Date "2019.06.12"]
[Round "5.13"]
[White "Genova, Magdalina"]
[Black "Huppert, Anna"]
[Result "0-1"]
[ECO "A25"]
[WhiteElo "1421"]
[BlackElo "1515"]
[Annotator "NA"]
[PlyCount "48"]
[EventDate "2019.06.07"]
[EventType "swiss"]
[EventRounds "9"]
[EventCountry "GER"]
[SourceTitle "playchess.com"]
[Source "ChessBase"]
[SourceQuality "1"]
[TimeControl "40/5400+30:1800+30"]

1. c4 e5 2. Nc3 Nc6 3. g3 g6 4. Bg2 Bg7 5. e3 Nge7 6. Nge2 d6 7. O-O O-O 8. d4 exd4 9. exd4 Bd7 10. Be3 a5 11. Qd2 Re8 12. Bh6 Bh8 13. Nd5 Nf5 14. Bg5 Rxe2 15. Qxe2 Qxg5 16. Nxc7 Rc8 17. Nb5 Ncxd4 18. Nxd4 Nxd4 19. Qd3 Bc6 20. Rad1 b5 21. Bxc6 bxc4 22. Qxc4 Rxc6 23. Qd3 Qd5 24. f3 Qxa2 {[%emt 0:02:10] normal} 0-1

[Event "GER-ch Youth U16w 2019"]
[Site "Willingen"]
[Date "2019.06.12"]
[Round "6.1"]
[White "Bardorz, Jana"]
[Black "Rothenberg, Nina"]
[Result "1/2-1/2"]
[ECO "C02"]
[WhiteElo "1769"]
[BlackElo "1653"]
[Annotator "NA"]
[PlyCount "61"]
[EventDate "2019.06.07"]
[EventType "swiss"]
[EventRounds "9"]
[EventCountry "GER"]
[SourceTitle "playchess.com"]
[Source "ChessBase"]
[SourceQuality "1"]
[TimeControl "40/5400+30:1800+30"]

1. e4 e6 2. d4 d5 3. e5 c5 4. c3 Nc6 5. Nf3 Qb6 6. a3 f6 7. b4 c4 8. Be3 Qd8 9. Nbd2 fxe5 10. Nxe5 Nf6 11. f4 Bd6 12. Be2 O-O 13. O-O Bd7 14. g4 Ne7 15. Qe1 Be8 16. Qg3 Bg6 17. Nxg6 Nxg6 18. g5 Ne8 19. Bg4 Nc7 20. Rf2 Ne7 21. Nf3 Nf5 22. Bxf5 Rxf5 23. Nh4 Rf8 24. Qg4 g6 25. Nf3 Qe7 26. h4 Ne8 27. Raf1 Ng7 28. Ne5 Bxe5 29. fxe5 Nf5 30. Bd2 Kg7 31. h5 {[%emt 0:03:09] normal} 1/2-1/2

[Event "GER-ch Youth U16w 2019"]
[Site "Willingen"]
[Date "2019.06.12"]
[Round "6.2"]
[White "Fock, Amina"]
[Black "Basovskiy, Jana"]
[Result "1-0"]
[ECO "B23"]
[WhiteElo "1723"]
[BlackElo "1761"]
[Annotator "NA"]
[PlyCount "111"]
[EventDate "2019.06.07"]
[EventType "swiss"]
[EventRounds "9"]
[EventCountry "GER"]
[SourceTitle "playchess.com"]
[Source "ChessBase"]
[SourceQuality "1"]
[TimeControl "40/5400+30:1800+30"]

1. e4 c5 2. Nc3 e6 3. Nge2 Nc6 4. g3 Nf6 5. Bg2 Be7 6. O-O O-O 7. d4 cxd4 8. Nxd4 a6 9. Bf4 d6 10. Nxc6 bxc6 11. e5 Nd5 12. exd6 Bxd6 13. Bxd6 Qxd6 14. Ne4 Qb4 15. b3 Bd7 16. c4 Nb6 17. a3 Qe7 18. Qd4 Rfb8 19. Nc5 Be8 20. b4 Ra7 21. Rfd1 a5 22. Qc3 axb4 23. axb4 Rba8 24. Rxa7 Rxa7 25. Nd3 f6 26. Qd4 Nc8 27. Nc5 Kf7 28. Bh3 e5 29. Qd3 Nb6 30. Qxh7 Bd7 31. Bxd7 Nxd7 32. Rxd7 Rxd7 33. Nxd7 Qxd7 34. Qc2 Qd4 35. Qb3 Qe4 36. Qc3 Qb1+ 37. Kg2 Qe4+ 38. Kf1 Qh1+ 39. Ke2 Qxh2 40. Qf3 Qh7 41. Qxc6 Qc2+ 42. Kf1 Qb1+ 43. Kg2 Qxb4 44. Qd5+ Ke7 45. c5 Qb8 46. Qc6 Qb1 47. Qd6+ Ke8 48. Qd5 Ke7 49. c6 Qf5 50. c7 Qc8 51. Qc6 Kf7 52. f3 Ke7 53. Kf2 Kf7 54. Ke3 Ke7 55. Ke4 g6 56. g4 {[%emt 0:00:00] normal} 1-0

[Event "GER-ch Youth U16w 2019"]
[Site "Willingen"]
[Date "2019.06.12"]
[Round "6.3"]
[White "Glinzner, Alva"]
[Black "Muedder, Melanie"]
[Result "1/2-1/2"]
[ECO "B20"]
[WhiteElo "1833"]
[BlackElo "1912"]
[Annotator "NA"]
[PlyCount "84"]
[EventDate "2019.06.07"]
[EventType "swiss"]
[EventRounds "9"]
[EventCountry "GER"]
[SourceTitle "playchess.com"]
[Source "ChessBase"]
[SourceQuality "1"]
[TimeControl "40/5400+30:1800+30"]

1. e4 c5 2. d3 Nc6 3. f4 g6 4. Nf3 Bg7 5. Be2 e6 6. O-O Nge7 7. c3 O-O 8. Na3 d5 9. Qe1 b6 10. Nc2 Ba6 11. Bd2 Qc7 12. Rd1 Rad8 13. e5 d4 14. Ng5 c4 15. Qg3 Nf5 16. Qh3 h6 17. Ne4 cxd3 18. Bxd3 Bxd3 19. Qxd3 dxc3 20. Qxc3 Qb7 21. Qf3 Kh8 22. Bc3 Nce7 23. Nd4 Nxd4 24. Bxd4 Nf5 25. Bf2 Qa6 26. a3 Qa4 27. b4 Qa6 28. g4 Ne7 29. Nd6 Nd5 30. Bg3 f6 31. b5 Qa4 32. Qd3 fxe5 33. fxe5 Kh7 34. h3 Rd7 35. Rc1 Rxf1+ 36. Kxf1 Rc7 37. Rxc7 Nxc7 38. Kf2 a6 39. bxa6 Nxa6 40. Nc4 Nc5 41. Qe2 b5 42. Nd6 Qxa3 {[%emt 0:03:08] normal} 1/2-1/2

[Event "GER-ch Youth U16w 2019"]
[Site "Willingen"]
[Date "2019.06.12"]
[Round "6.4"]
[White "Berelowitsch, Dana"]
[Black "Brunner, Sophia"]
[Result "1-0"]
[ECO "C11"]
[WhiteElo "1753"]
[BlackElo "1839"]
[Annotator "NA"]
[PlyCount "83"]
[EventDate "2019.06.07"]
[EventType "swiss"]
[EventRounds "9"]
[EventCountry "GER"]
[SourceTitle "playchess.com"]
[Source "ChessBase"]
[SourceQuality "1"]
[TimeControl "40/5400+30:1800+30"]

1. e4 e6 2. d4 d5 3. Nc3 Nf6 4. e5 Nfd7 5. f4 c5 6. Nf3 Nc6 7. Be3 a6 8. Be2 b5 9. O-O c4 10. f5 b4 11. fxe6 fxe6 12. Ng5 Ndxe5 13. dxe5 Nxe5 14. Na4 Be7 15. Nf3 Nxf3+ 16. Bxf3 O-O 17. Nb6 Rb8 18. Nxc8 Rxc8 19. Bg4 Qd6 20. Rxf8+ Rxf8 21. Qd2 e5 22. c3 bxc3 23. bxc3 Bf6 24. Rd1 Rd8 25. Be2 Qe6 26. Bg5 d4 27. Bxf6 gxf6 28. Re1 Rd7 29. Bf3 d3 30. Be4 Rf7 31. Rf1 Kg7 32. Bf5 Qb6+ 33. Kh1 Rb7 34. h3 Re7 35. Be4 a5 36. Rf5 a4 37. Rh5 Kg8 38. Qh6 Qb1+ 39. Kh2 d2 40. Bd5+ Rf7 41. Bxf7+ Kxf7 42. Qxd2 {[%emt 0:00:18] normal} 1-0

[Event "GER-ch Youth U16w 2019"]
[Site "Willingen"]
[Date "2019.06.12"]
[Round "6.5"]
[White "Stowicek, Yara Mathilda"]
[Black "Rudolph, Eva"]
[Result "1/2-1/2"]
[ECO "B01"]
[WhiteElo "1692"]
[BlackElo "1786"]
[Annotator "NA"]
[PlyCount "90"]
[EventDate "2019.06.07"]
[EventType "swiss"]
[EventRounds "9"]
[EventCountry "GER"]
[SourceTitle "playchess.com"]
[Source "ChessBase"]
[SourceQuality "1"]
[TimeControl "40/5400+30:1800+30"]

1. e4 d5 2. exd5 Qxd5 3. Nc3 Qd8 4. d4 Nf6 5. Bc4 Bg4 6. Nge2 e6 7. O-O c6 8. Re1 Be7 9. Bb3 O-O 10. h3 Bxe2 11. Nxe2 Nbd7 12. c3 Nb6 13. Bc2 Nbd5 14. Qd3 Qc7 15. a3 Rfd8 16. g4 g6 17. Qf3 Kg7 18. c4 Nb6 19. b3 Nbd7 20. Bb2 Kg8 21. Ng3 Bf8 22. Rad1 Bg7 23. h4 b5 24. g5 Ne8 25. h5 Nd6 26. Bd3 bxc4 27. bxc4 Nf5 28. Nxf5 exf5 29. Kg2 Re8 30. Rh1 Nc5 31. Bc2 Ne4 32. Bxe4 fxe4 33. Qh3 Rab8 34. Bc1 Qd6 35. d5 cxd5 36. cxd5 Rb5 37. hxg6 hxg6 38. a4 Rxd5 39. Rxd5 Qxd5 40. Qh7+ Kf8 41. Ba3+ Re7 42. Bxe7+ Kxe7 43. Qxg7 Qxg5+ 44. Kf1 Qc1+ 45. Kg2 Qg5+ {[%emt 0:00:07] normal} 1/2-1/2

[Event "GER-ch Youth U16w 2019"]
[Site "Willingen"]
[Date "2019.06.12"]
[Round "6.6"]
[White "Meijerink, Inken"]
[Black "Bui, Ngoc Han Julia"]
[Result "1/2-1/2"]
[ECO "A16"]
[WhiteElo "1681"]
[BlackElo "1973"]
[Annotator "NA"]
[PlyCount "109"]
[EventDate "2019.06.07"]
[EventType "swiss"]
[EventRounds "9"]
[EventCountry "GER"]
[SourceTitle "playchess.com"]
[Source "ChessBase"]
[SourceQuality "1"]
[TimeControl "40/5400+30:1800+30"]

1. c4 Nf6 2. Nc3 g6 3. g3 d5 4. cxd5 Nxd5 5. Bg2 Nb6 6. Nf3 Bg7 7. O-O O-O 8. d3 Nc6 9. Be3 Be6 10. Qd2 Re8 11. Bh6 Bh8 12. Rac1 f6 13. Be3 Nd5 14. Nxd5 Bxd5 15. b3 e5 16. Ne1 Bxg2 17. Nxg2 Qd7 18. f4 e4 19. Rfd1 Rad8 20. Qc2 exd3 21. Rxd3 Qf7 22. Rxd8 Rxd8 23. Bf2 f5 24. e4 fxe4 25. Qxe4 Bg7 26. Re1 Rd2 27. Re2 Rxe2 28. Qxe2 a6 29. Ne1 Bf8 30. Nf3 Qd5 31. Ng5 Nd4 32. Bxd4 Qxd4+ 33. Qf2 Qxf2+ 34. Kxf2 h6 35. Ne6 Bd6 36. Kf3 b5 37. g4 Kf7 38. Nd8+ Kf6 39. Nc6 g5 40. fxg5+ Kxg5 41. Nb8 a5 42. Nc6 a4 43. Nd4 axb3 44. axb3 b4 45. h3 Be5 46. Nf5 c5 47. h4+ Kg6 48. Ne3 Bf6 49. Kg3 Be5+ 50. Kf3 Bc3 51. Ke4 Bd4 52. Nd5 Bf2 53. Nf4+ Kf6 54. Nd3 Bxh4 55. Nxc5 {[%emt 0:00:00] normal Ke5+} 1/2-1/2

[Event "GER-ch Youth U16w 2019"]
[Site "Willingen"]
[Date "2019.06.12"]
[Round "6.7"]
[White "Klemke, Kassandra"]
[Black "Khamenya, Vitalia"]
[Result "0-1"]
[ECO "C47"]
[WhiteElo "1662"]
[BlackElo "1877"]
[Annotator "NA"]
[PlyCount "39"]
[EventDate "2019.06.07"]
[EventType "swiss"]
[EventRounds "9"]
[EventCountry "GER"]
[SourceTitle "playchess.com"]
[Source "ChessBase"]
[SourceQuality "1"]
[TimeControl "40/5400+30:1800+30"]

1. e4 e5 2. Nf3 Nc6 3. Nc3 Nf6 4. d4 Bb4 5. Bg5 h6 6. Bxf6 Qxf6 7. dxe5 Nxe5 8. Nxe5 Qxe5 9. Qf3 d5 10. O-O-O Qg5+ 11. Kb1 Bg4 12. Rxd5 Bxf3 13. Rxg5 hxg5 14. gxf3 O-O-O 15. Bd3 Bxc3 16. bxc3 Rh3 17. Be2 Rd2 18. Bc4 Rxf3 19. h4 g4 20. Rg1 {[%emt 0:03:38] normal} 0-1

[Event "GER-ch Youth U16w 2019"]
[Site "Willingen"]
[Date "2019.06.12"]
[Round "6.8"]
[White "Sokolowski, Judith"]
[Black "Wagner, Victoria"]
[Result "1/2-1/2"]
[ECO "B22"]
[WhiteElo "1749"]
[BlackElo "1808"]
[Annotator "NA"]
[PlyCount "137"]
[EventDate "2019.06.07"]
[EventType "swiss"]
[EventRounds "9"]
[EventCountry "GER"]
[SourceTitle "playchess.com"]
[Source "ChessBase"]
[SourceQuality "1"]
[TimeControl "40/5400+30:1800+30"]

1. e4 c5 2. c3 Nf6 3. e5 Nd5 4. d4 cxd4 5. cxd4 Nc6 6. Nf3 d6 7. Bc4 Nb6 8. Bb5 e6 9. Bxc6+ bxc6 10. O-O Be7 11. exd6 Qxd6 12. Nc3 O-O 13. Re1 Rd8 14. Qc2 h6 15. Qe4 Nd5 16. Ne5 Bb7 17. Qf3 Nf6 18. Qg3 Kf8 19. Be3 Qb8 20. Rad1 Bd6 21. Bc1 Nd7 22. Bf4 Nxe5 23. dxe5 Bb4 24. Qh3 Qc7 25. a3 Be7 26. Ne4 c5 27. Nd6 Bxd6 28. exd6 Qc6 29. Rd3 Bc8 30. Qh5 Bb7 31. Rg3 Rxd6 32. Bxd6+ Qxd6 33. Rd1 Qe7 34. Qe5 f6 35. Qc3 Kf7 36. Rgd3 Bc6 37. h3 Rc8 38. Qa5 Bd5 39. Qd2 Qb7 40. Qc3 Kg8 41. Rg3 Kh8 42. Rd2 Qf7 43. Qa5 Qe7 44. Qa6 Rc6 45. Qe2 Qf7 46. Rc2 Qe7 47. Rd3 Qf7 48. Rdc3 Qe7 49. Qe3 c4 50. b3 cxb3 51. Rxc6 bxc2 52. Rxc2 Qb7 53. Qc5 Kh7 54. f3 Qb3 55. Rc1 Qb2 56. Qc2+ Qxc2 57. Rxc2 a5 58. Kf2 a4 59. Ke3 Kg6 60. Rc5 Kf7 61. Kd4 Bb3 62. Kc3 Ke7 63. Rc7+ Kf8 64. Kb4 f5 65. Ra7 h5 66. Rxa4 Bxa4 67. Kxa4 e5 68. Kb4 g5 69. Kc5 {[%emt 0:01:11] normal} 1/2-1/2

[Event "GER-ch Youth U16w 2019"]
[Site "Willingen"]
[Date "2019.06.12"]
[Round "6.9"]
[White "Peschel, Julia"]
[Black "Ziegenfuss, Larissa"]
[Result "0-1"]
[ECO "B20"]
[WhiteElo "1275"]
[BlackElo "1771"]
[Annotator "NA"]
[PlyCount "96"]
[EventDate "2019.06.07"]
[EventType "swiss"]
[EventRounds "9"]
[EventCountry "GER"]
[SourceTitle "playchess.com"]
[Source "ChessBase"]
[SourceQuality "1"]
[TimeControl "40/5400+30:1800+30"]

1. e4 c5 2. d3 e6 3. g3 Nc6 4. Bg2 g6 5. f4 Bg7 6. Nf3 Nge7 7. O-O d5 8. e5 Qc7 9. Be3 b6 10. c3 Ba6 11. Re1 O-O 12. a3 Rad8 13. d4 cxd4 14. cxd4 Nf5 15. Bf2 Na5 16. g4 Ne7 17. Nbd2 Qd7 18. Nh4 Rc8 19. Bh3 Rc7 20. Rc1 Rxc1 21. Qxc1 Rc8 22. Qb1 Bh6 23. Be3 Qc6 24. b4 Nc4 25. Nxc4 Bxc4 26. f5 Bxe3+ 27. Rxe3 Ba2 28. Qb2 Qc1+ 29. Qxc1 Rxc1+ 30. Kf2 Nc6 31. Nf3 Rc4 32. fxe6 fxe6 33. g5 Kf7 34. Bf1 Rc1 35. Bb5 Ne7 36. Nh4 Bc4 37. Ba4 b5 38. Bb3 Rb1 39. Bxc4 bxc4 40. Rc3 Rb2+ 41. Kg3 Nf5+ 42. Nxf5 gxf5 43. h4 Rb3 44. Rf3 c3 45. Kf2 c2 46. Rxb3 c1=Q 47. Rd3 Qc2+ 48. Ke3 f4+ {[%emt 0:00:00] normal} 0-1

[Event "GER-ch Youth U16w 2019"]
[Site "Willingen"]
[Date "2019.06.12"]
[Round "6.10"]
[White "Schneider, Katharina"]
[Black "Wucherer, Sophie"]
[Result "1/2-1/2"]
[ECO "B41"]
[WhiteElo "1784"]
[BlackElo "1496"]
[Annotator "NA"]
[PlyCount "97"]
[EventDate "2019.06.07"]
[EventType "swiss"]
[EventRounds "9"]
[EventCountry "GER"]
[SourceTitle "playchess.com"]
[Source "ChessBase"]
[SourceQuality "1"]
[TimeControl "40/5400+30:1800+30"]

1. e4 c5 2. Nf3 e6 3. d4 cxd4 4. Nxd4 a6 5. c4 Nf6 6. Nc3 Qc7 7. a3 d6 8. Be3 Nc6 9. Rc1 Qe7 10. Be2 Bd7 11. O-O g6 12. b4 Bg7 13. c5 Rd8 14. cxd6 Qxd6 15. f4 Nxd4 16. Bxd4 Bc6 17. Bxf6 Qxd1 18. Rfxd1 Rxd1+ 19. Rxd1 Bxf6 20. b5 axb5 21. Nxb5 O-O 22. e5 Be7 23. Nd6 Ra8 24. Ra1 Ra4 25. g3 Bd8 26. Rb1 Ra7 27. Rb3 Kf8 28. Kf2 h5 29. Bf3 Bxf3 30. Kxf3 Be7 31. Ke4 Ra4+ 32. Kd3 Ra7 33. Kc4 Ra6 34. Rxb7 Rxa3 35. Rb8+ Kg7 36. Rb2 Ra5 37. Rd2 h4 38. Kb4 Ra1 39. Kc5 Rc1+ 40. Kb6 hxg3 41. hxg3 Rf1 42. Kc7 Ra1 43. Rb2 Ra7+ 44. Rb7 Rxb7+ 45. Kxb7 f6 46. Kc7 g5 47. Kd7 gxf4 48. gxf4 fxe5 49. fxe5 {[%emt 0:00:00] normal} 1/2-1/2